 Dungeon Crawl Stone Soup version 0.24-a0-7-g1bb0902669 (webtiles) character file.

Game seed: 483422531290019111

70 Infinimo the Poker (level 4, -1/34 HPs)
             Began as a Merfolk Skald on Jan 31, 2019.
             Killed by divine providence
             ... invoked by an orc priest
              (13 damage)
             ... on level 3 of the Dungeon.
             The game lasted 00:02:46 (2186 turns).

Infinimo the Poker (Merfolk Skald)                  Turns: 2186, Time: 00:02:46

Health: -1/34      AC:  3    Str: 16    XL:     4   Next: 22%
Magic:  7/7        EV: 13    Int: 13    God:
Gold:   118        SH:  0    Dex: 13    Spells: 6/7 levels left

rFire    . . .     SeeInvis .   a - +0 spear
rCold    . . .     Gourm    .   (no shield)
rNeg     . . .     Faith    .   b - +0 leather armour
rPois    .         Spirit   .   (no helmet)
rElec    .         Reflect  .   (no cloak)
rCorr    .         Harm     .   (no gloves)
MR       .....                  (no boots)
Stlth    +.........             (no amulet)
HPRegen  0.11/turn              (no ring)
MPRegen  0.10/turn              (no ring)

@: mighty, flying
A: change form in water, swift swim, stealthy swim
a: no special abilities


You were on level 3 of the Dungeon.
You were not hungry.

You visited 1 branch of the dungeon, and saw 3 of its levels.

You collected 118 gold pieces.

Inventory:

Hand Weapons
 a - a +0 spear (weapon)
Armour
 b - a +0 leather armour (worn)
Jewellery
 q - a +5 ring of strength {unknown}
Scrolls
 c - a scroll of blinking {unknown}
 e - a scroll of immolation {unknown}
 h - a scroll of remove curse {unknown}
 i - 2 scrolls of identify {unknown}
 l - a scroll of amnesia {unknown}
 n - a scroll of fog {unknown}
Potions
 f - a potion of flight
 g - a potion of invisibility {unknown}
 j - a potion of mutation {unknown}
 k - a potion of might
 m - a potion of brilliance {unknown}
 p - a potion of agility {unknown}
Comestibles
 d - 4 rations
 o - 14 chunks of flesh


   Skills:
 + Level 2.8 Fighting
 * Level 4.4 Polearms
 - Level 0.8 Armour
 - Level 3.0 Dodging
 + Level 2.4 Spellcasting
 + Level 3.8 Charms


You had 6 spell levels left.
You knew the following spells:

 Your Spells              Type           Power        Failure   Level  Hunger
a - Infusion              Chrm           ##..         6%          1    #......

Your spell library contained the following spells:

 Spells                   Type           Power        Failure   Level  Hunger
 Song of Slaying          Chrm           ##......     10%         2    ###....
 Shroud of Golubria       Chrm/Tloc      #.........   21%         2    ###....
 Regeneration             Chrm/Necr      #.........   38%         3    ###....
 Spectral Weapon          Hex/Chrm       #.......     38%         3    ###....


Dungeon Overview and Level Annotations

Branches:
Dungeon (2/15)

Altars:


Message History

You are too injured to fight recklessly!
You are too injured to fight recklessly!
You are too injured to fight recklessly!
You are too injured to fight recklessly!
You are too injured to fight recklessly!
You are too injured to fight recklessly!
You are too injured to fight recklessly!
You are too injured to fight recklessly!
You are too injured to fight recklessly!
The orc priest is severely wounded.
It was a potion of flight.
You feel very buoyant.
You fly up into the air.
Unknown command.
It was a potion of might.
You feel very mighty all of a sudden.
The orc priest is severely wounded.
The orc priest invokes the aid of Beogh against you.
Beogh smites you!
You die...

##.# ...## .
###############....#
.. #.#.#.#.#.#.#.#.#..
... .#.#.#.#.#.#.#.#.#
..#
#.#.#.#.#.#.#.#.##...#
.#.#.#.#.#.#.#.#.o...#
#.#.#.#.#.#.#.#o##o.
.#.#.#.#.#.#.#.#@# o..
#.#รท#.#.#.#.#.#..# ..
.#.#.#.#.#.#.#.### .
#.#.#.#.#.#.#.#.
.#.#.#.#.#.#.#.
#.#.#.#.#.#.#.
.#.#.#.#.#.#.
#.#.#.#(#.#.
.#.#.#.#.#.


You could see an orc priest.

Vanquished Creatures
  3 adders (D:2)
  2 worms (D:2)
  An orc (D:3)
  8 bats
  3 giant cockroaches
  2 goblins (D:1)
  3 hobgoblins
  5 jackals
  4 kobolds (D:1)
  5 rats (D:1)
36 creatures vanquished.

Notes
Turn   | Place    | Note
-------+----------+-------------------------------------------
     0 | D:1      | Infinimo the Merfolk Skald began the quest for the Orb.
     0 | D:1      | Reached XP level 1. HP: 16/16 MP: 3/3
   132 | D:1      | Reached XP level 2. HP: 2/22 MP: 5/5
  1335 | D:2      | Reached XP level 3. HP: 17/28 MP: 6/6
  1721 | D:2      | Reached skill level 4 in Polearms
  1957 | D:2      | Reached XP level 4. HP: 33/34 MP: 7/7
  1963 | D:2      | You fall through a shaft!
  2186 | D:3      | Killed from afar by an orc priest

Vault maps used:
D:1:      dpeg_arrival_long_road, minmay_small_reverse_x
D:2:      minivault_19, minmay_misc_feat_nine_boxes, minmay_goblin_kobold_house
D:3:      amethyst_killhole, uniq_natasha

Skill      XL: |  1  2  3 |
---------------+----------+-----
Dodging        | 3 |  3.0
Polearms       | 4 |  4.4
Fighting       | |  2.8
Armour         | |  0.8
Spellcasting   | |  2.4
Charms         | |  3.8

Action                   |  1- 3 |  4- 6 || total
-------------------------+-------+-------++-------
Melee: Spear             |   143 |    55 ||   198
  Use: Potion            |       |     2 ||     2
  Eat: Chunk             |     3 |     1 ||     4
Armor: Leather armour    |    27 |    13 ||    40
Dodge: Dodged            |    55 |    33 ||    88

Table legend:
 A = Non-vault XP
 B = Vault XP
 C = Vault XP percentage of total XP
 D = Non-vault monster count
 E = Vault monster count
 F = Vault count percentage of total count
                 A         B        C        D         E       F
            +---------+---------+-------+---------+---------+-------
      Total |      96 |       5 |   5.0 |      32 |       4 |  11.1
            +---------+---------+-------+---------+---------+-------
        D:1 |      19 |       5 |  20.8 |      11 |       4 |  26.7
        D:2 |      59 |       0 |   0.0 |      12 |       0 |   0.0
        D:3 |      18 |       0 |   0.0 |       9 |       0 |   0.0
            +---------+---------+-------+---------+---------+-------
